 Dungeon Crawl Stone Soup version 0.22-a0-160-gcc81d7a (webtiles) character file.

42 theanonym the Skirmisher (level 3, -1/29 HPs)
             Began as a Mummy Chaos Knight on Feb 10, 2018.
             Slain by Sigmund
             ... wielding a +0 scythe
              (6 damage)
             ... on level 2 of the Dungeon.
             The game lasted 00:01:52 (737 turns).

theanonym the Skirmisher (Mummy Chaos Knight)        Turns: 737, Time: 00:01:53

Health: -1/29      AC: 10    Str: 16    XL:     3   Next: 35%
Magic:  3/3        EV: 11    Int: 11    God:
Gold:   77         SH:  0    Dex: 11    Spells: 2/2 levels left

rFire    x . .     SeeInvis .   a - +0 hand axe (chaos)
rCold    + . .     Gourm    .   (no shield)
rNeg     + + +     Faith    .   b - +2 leather armour
rPois    ∞         Spirit   .   (no helmet)
rElec    .         Reflect  .   (no cloak)
rCorr    .         Harm     .   (no gloves)
MR       .....                  g - +0 pair of boots
Stlth    +.........             (no amulet)
HPRegen  0.09/turn              c - +4 ring of protection
MPRegen  0.08/turn              (no ring)

@: no status effects
A: no food or potions, fire vulnerability, cold resistance 1, negative energy
resistance 3, torment resistance, unbreathing
a: no special abilities


Innate Abilities, Weirdness & Mutations

You do not eat or drink.
Your flesh is vulnerable to fire.
You are immune to poison.
Your flesh is cold resistant. (rC+)
You are immune to negative energy. (rN+++)
You are immune to unholy pain and torment.
You can survive without breathing.


   Skills:
 + Level 3.5 Fighting
 * Level 3.3 Axes
 - Level 1.5 Armour
 - Level 0.7 Dodging


You had 2 spell levels left.
You didn't know any spells.

Skill      XL: |  1  2 |
---------------+-------+-----
Axes           | 3 |  3.3
Fighting       | |  3.5
Armour         | |  1.5
Dodging        | |  0.7

Action                   || total
-------------------------++-------
Melee: Hand axe          ||    82
Invok: Renounce Religion ||     1
Armor: Leather armour    ||    45
Dodge: Dodged            ||    47

Inventory:

Hand Weapons
 a - a +0 hand axe of chaos (weapon)
Armour
 b - a +2 leather armour (worn)
 g - a +0 pair of boots (worn)
   (You found it on level 2 of the Dungeon)
Jewellery
 c - a +4 ring of protection (left hand)
   (You found it on level 1 of the Dungeon)
Scrolls
 d - a scroll of fog {unknown}
 e - a scroll of remove curse {unknown}
 f - a scroll of identify {unknown}


You were on level 2 of the Dungeon.
You were not hungry.

You visited 1 branch of the dungeon, and saw 2 of its levels.

You collected 77 gold pieces.

Dungeon Overview and Level Annotations

Branches:
Dungeon (2/15)

Altars:

Annotations:
D:2 Sigmund

........# #..##.
#.........###...#.
#.........##....#.
###.........#.....#.
#...........#......#
+..........†'..####. .
#...........#....!#.
....#...........#.......
......@@....+..........†
#.#.#.###.##.###..#####.
# #.##...%......#.
#.##.###......#. #.##.#
#......#. #...†#
#......#. ####.#
.......## #.# .#......#
#.# .#......#


You could see Sigmund.

Notes
Turn   | Place    | Note
-------+----------+-------------------------------------------
     0 | D:1      | theanonym the Mummy Chaos Knight began the quest for the Orb.
     0 | D:1      | Reached XP level 1. HP: 18/18 MP: 1/1
     0 | D:1      | Fell from the grace of Xom
    33 | D:1      | Reached XP level 2. HP: 20/24 MP: 2/2
   273 | D:1      | XOM: chaos upgrade
   275 | D:1      | Reached skill level 3 in Axes
   620 | D:2      | Reached XP level 3. HP: 28/29 MP: 3/3
   718 | D:2      | Noticed Sigmund
   732 | D:2      | HP: 12/29 [Sigmund/scythe (5)]
   736 | D:2      | HP: 5/29 [Sigmund/scythe (7)]
   737 | D:2      | Slain by Sigmund

Vanquished Creatures
  An adder (D:2)
  A dart slug (D:1)
  A leopard gecko (D:1)
  A ball python (D:2)
  8 bats
  2 giant cockroaches
  3 goblins (D:1)
  4 hobgoblins
  5 kobolds
  A frilled lizard (D:1)
  2 rats
29 creatures vanquished.

Table legend:
 A = Turns spent in this place as a percentage of turns spent in the entire game.
 B = Non-inter-level travel turns spent in this place as a percentage of non-inter-level travel turns spent in the entire game.
 C = Inter-level travel turns spent in this place as a percentage of turns spent in this place.
 D = Turns resting spent in this place as a percentage of non-inter-level travel turns spent in this place.
 E = Turns spent auto-exploring this place as a percentage of non-inter-level travel turns spent in this place.
 F = Non-inter-level travel turns spent in this place divided by the number of levels of this place that you've seen.
                   A       B       C       D       E      F
               +-------+-------+-------+-------+-------+----------------------
         Total | 100.0 | 100.0 |   1.2 |   5.8 |  70.6 | 364.0
       Dungeon | 100.0 | 100.0 |   1.2 |   5.8 |  70.6 | 364.0
               +-------+-------+-------+-------+-------+----------------------
